 Dungeon Crawl Stone Soup version 0.20.1-1-g8b1a95d (webtiles) character file.

1787 Alannah the Sneak (level 8, 0/64 HPs)
             Began as a Demonspawn Assassin on July 10, 2017.
             Was a Believer of Nemelex Xobeh.
             Slain by a howler monkey (4 damage)
             ... on level 7 of the Dungeon.
             The game lasted 00:42:15 (7391 turns).

Alannah the Sneak (Demonspawn Assassin)             Turns: 7391, Time: 00:42:17

Health: 0/64       AC: 10    Str: 12    XL:     8   Next: 82%
Magic:  11/11      EV: 15    Int: 12    God:    Nemelex Xobeh [**....]
Gold:   247        SH:  0    Dex: 19    Spells: 7/7 levels left

rFire    . . .     SeeInvis .   a - +2 dagger
rCold    + . .     Gourm    .   (no shield)
rNeg     + . .     Faith    .   G - +1 robe {rN+}
rPois    +         Spirit   .   (helmet restricted)
rElec    .         Reflect  .   v - scarf {cloud immunity}
rCorr    .         Harm     .   s - +0 pair of gloves
MR       +....                  q - +0 pair of boots
Stlth    +++.......             (no amulet)
Regen    0.2/turn               o - ring of protection from magic
MPRegen  0.2/turn               z - +3 ring of protection

@: drained
A: antennae 1, rugged brown scales 2, agile 1, blurry vision 1, cold resistance
1, foul stench 1, poison resistance, rot immunity, subdued magic 1
a: Renounce Religion


You were on level 7 of the Dungeon.
You worshipped Nemelex Xobeh.
Nemelex Xobeh was pleased with you.
You were hungry.

You visited 1 branch of the dungeon, and saw 7 of its levels.

You collected 247 gold pieces.

Inventory:

Hand Weapons
 a - a +2 dagger (weapon)
 b - a +0 blowgun
Missiles
 e - 7 poisoned needles
 f - 2 curare-tipped needles
Armour
 c - a +0 robe
 d - a +0 cloak
 q - a +0 pair of boots (worn)
 s - a +0 pair of gloves (worn)
 v - a scarf of cloud immunity (worn)
 G - a +1 robe of positive energy (worn)
Jewellery
 o - a ring of protection from magic (left hand)
 z - a +3 ring of protection (right hand)
 I - an uncursed ring of resist corrosion
 J - an uncursed ring of wizardry
Wands
 w - a wand of paralysis (9/24)
 B - a wand of confusion (27/48)
Scrolls
 h - a scroll of noise {unknown}
 i - 5 scrolls of identify {unknown}
 j - 2 scrolls of immolation {unknown}
 k - a scroll of amnesia {unknown}
 l - 2 scrolls of remove curse {unknown}
 m - 2 scrolls of enchant armour {unknown}
 n - a scroll of enchant weapon {unknown}
 p - 2 scrolls of random uselessness {unknown}
 x - 2 scrolls of recharging {unknown}
 y - a scroll of fog {unknown}
 H - a scroll of teleportation {unknown}
Potions
 r - 3 potions of might
 t - a potion of agility
 A - a potion of resistance
 F - a potion of haste {unknown}
 M - a potion of curing {unknown}
Miscellaneous
 u - a plain deck of summoning {drawn: 1}
 K - an ornate deck of escape {drawn: 3}
Comestibles
 g - 2 bread rations
 C - 2 meat rations
 D - 2 fruits


   Skills:
 + Level 4.3(3.9) Fighting
 + Level 3.7(3.3) Short Blades
 + Level 3.8(3.3) Throwing
 * Level 5.0(4.6) Dodging
 * Level 6.5(6.0) Stealth
 + Level 4.1(3.7) Invocations
 + Level 3.4(3.0) Evocations


You had 7 spell levels left.
You didn't know any spells.

Dungeon Overview and Level Annotations

Branches:
Dungeon (6/15)
 Temple: D:4-7

Altars:
Fedhas
Nemelex Xobeh
Okawaru
Sif Muna
Trog
Zin
The Shining One


Innate Abilities, Weirdness & Mutations

You have a pair of small antennae on your head.
You are mostly covered in rugged brown scales. (AC +2, +5% HP)
Your flesh is cold resistant. (rC+)
You may emit foul miasma when damaged in melee.
You are immune to rotting.
You are agile. (Dex +2)
Scrolls take you a little longer to read.
Your system is resistant to poisons. (rPois)
Your spells are a little easier to cast, but a little less powerful.


Message History

The howler monkey hoots and howls with incredible vigour!
You barely miss the howler monkey.
The howler monkey is lightly wounded.
The howler monkey barely misses you.
You hit the howler monkey.
The howler monkey is moderately wounded.
The howler monkey completely misses you.
You hit the howler monkey but do no damage.
The howler monkey is moderately wounded.
The howler monkey closely misses you.
The crimson imp blinks!
The howler monkey barely misses you.
You hit the howler monkey.
The howler monkey is moderately wounded.
You hit the howler monkey.
The howler monkey is severely wounded.
The howler monkey hits you!
* * * LOW HITPOINT WARNING * * *
The howler monkey hits you.
You die...
Your body glows slightly and disappears.

.........#####.....#
(........# ##...##
.........# ###5#
.....[..## #†#
.......## #.#
......## ##.#
.....## ####..#
###### ####..h.##
#......@##
....###..# ### ##.#
###


You could see a howler monkey and a crimson imp.

Vanquished Creatures
  Grinder (D:3)
  Edmund (D:4)
  An orc warrior (D:6)
  A phantom (D:4)
  A boggart (D:5)
  A centaur (D:5)
  A bullfrog (D:6)
  2 wights (D:6)
  2 howler monkeys (D:7)
  2 crimson imps (D:5)
  A bullfrog zombie (D:5)
  2 hounds (D:4)
  Ijyb (D:4)
  An iguana (D:4)
  3 worker ants
  3 orc wizards
  3 gnolls (D:3)
  13 adders
  A river rat (D:4)
  A shadow imp (D:5)
  2 oozes
  An adder skeleton (D:5)
  2 worms (D:2)
  2 dart slugs
  4 leopard geckos
  9 orcs
  7 bats
  5 giant cockroaches
  6 goblins
  8 hobgoblins
  3 jackals
  4 quokkas
  4 ball pythons
  3 frilled lizards
  A jackal skeleton (D:5)
  A jackal zombie (D:4)
  11 kobolds
  8 rats
123 creatures vanquished.

Vanquished Creatures (collateral kills)
  An ogre (D:4)
  A centaur (D:6)
  7 wights (D:6)
  A bullfrog zombie (D:6)
  A jelly (D:6)
  2 orc wizards
  A bullfrog skeleton (D:6)
  An adder (D:7)
  3 gnolls (D:6)
  An adder skeleton (D:6)
  3 orcs
  A giant cockroach (D:6)
  A frilled lizard (D:4)
24 creatures vanquished.

Grand Total: 147 creatures vanquished

Notes
Turn   | Place    | Note
-------+----------+-------------------------------------------
     0 | D:1      | Alannah the Demonspawn Assassin began the quest for the Orb.
     0 | D:1      | Reached XP level 1. HP: 16/16 MP: 1/1
   202 | D:1      | Reached skill level 1 in Dodging
   260 | D:1      | Gained mutation: You are partially covered in rugged brown scales. (AC +1, +3% HP) [demonic ancestry]
   260 | D:1      | Reached XP level 2. HP: 15/23 MP: 2/2
  1065 | D:2      | Gained mutation: Your flesh is cold resistant. (rC+) [demonic ancestry]
  1065 | D:2      | Reached XP level 3. HP: 18/28 MP: 3/3
  1487 | D:2      | Reached skill level 4 in Stealth
  1825 | D:2      | Reached XP level 4. HP: 24/35 MP: 4/4
  2266 | D:2      | Found a sparkling altar of Nemelex Xobeh.
  2266 | D:2      | Found a transporter.
  2273 | D:2      | Became a worshipper of Nemelex Xobeh the Trickster
  2780 | D:3      | Received a gift from Nemelex Xobeh
  2945 | D:3      | Found a glowing silver altar of Zin.
  3143 | D:3      | Noticed Sigmund
  3163 | D:3      | Noticed Sigmund
  3163 | D:3      | Sigmund changed into Sigmund the ooze
  3168 | D:3      | Killed Sigmund the ooze
  3203 | D:3      | Reached skill level 1 in Invocations
  3235 | D:3      | Gained mutation: You are immune to rotting. [demonic ancestry]
  3235 | D:3      | Reached XP level 5. HP: 40/40 MP: 5/5
  3238 | D:3      | Reached skill level 1 in Evocations
  3268 | D:3      | Noticed Grinder
  3291 | D:3      | Paralysed by Grinder for 5 turns
  3299 | D:3      | Killed Grinder
  3299 | D:3      | Gained mutation: You may emit foul miasma when damaged in melee. [demonic ancestry]
  3299 | D:3      | Reached XP level 6. HP: 35/48 MP: 5/7
  3399 | D:3      | Received a gift from Nemelex Xobeh
  3605 | D:3      | Reached * piety under Nemelex Xobeh
  4111 | D:4      | Found an iron altar of Okawaru.
  4349 | D:4      | Noticed Eustachio
  4350 | D:4      | Noticed Eustachio
  4350 | D:4      | Eustachio changed into Eustachio the worker ant
  4367 | D:4      | Killed Eustachio the worker ant
  4367 | D:4      | Gained mutation: You have a pair of small antennae on your head. [demonic ancestry]
  4367 | D:4      | Reached XP level 7. HP: 40/53 MP: 8/8
  4515 | D:4      | Reached skill level 5 in Stealth
  4692 | D:4      | Noticed Edmund
  4721 | D:4      | Killed Edmund
  5267 | D:4      | Noticed Ijyb
  5273 | D:4      | Killed Ijyb
  5528 | D:5      | Entered Level 5 of the Dungeon
  5882 | D:5      | Found a glowing golden altar of the Shining One.
  6140 | D:5      | Received a gift from Nemelex Xobeh
  6198 | D:5      | Reached XP level 8. HP: 61/61 MP: 10/10
  6201 | D:5      | Gained mutation: You are agile. (Dex +2) [mutagenic meat]
  6202 | D:5      | Gained mutation: Scrolls take you a little longer to read. [mutagenic meat]
  6203 | D:5      | Gained mutation: Your spells are a little easier to cast, but a little less powerful. [mutagenic meat]
  6204 | D:5      | Gained mutation: You are mostly covered in rugged brown scales. (AC +2, +5% HP) [mutagenic meat]
  6205 | D:5      | Gained mutation: Your system is resistant to poisons. (rPois) [mutagenic meat]
  6753 | D:5      | Reached ** piety under Nemelex Xobeh
  6768 | D:5      | Found a deep blue altar of Sif Muna.
  6929 | D:5      | Found a bloodstained altar of Trog.
  7064 | D:6      | Reached skill level 6 in Stealth
  7260 | D:6      | Reached skill level 5 in Dodging
  7279 | D:6      | You fall through a shaft!
  7302 | D:7      | Found a blossoming altar of Fedhas.
  7320 | D:7      | Received a gift from Nemelex Xobeh
  7391 | D:7      | Slain by a howler monkey

Skill      XL: |  1  2  3  4  5  6  7  8 |
---------------+-------------------------+-----
Dodging        | 1 2 3 4 5 |  5.0
Throwing       | 2 3 |  3.8
Short Blades   | 2 3 |  3.7
Stealth        | 4 5 6 |  6.5
Invocations    | 1 2 3 4 |  4.1
Evocations     | 1 2 3 |  3.4
Fighting       | 3 4 |  4.3

Action                   |  1- 3 |  4- 6 |  7- 9 || total
-------------------------+-------+-------+-------++-------
Melee: Dagger            |   122 |   223 |   560 ||   905
 Fire: Blowgun           |       |     5 |       ||     5
Evoke: Deck              |       |     8 |    17 ||    25
  Use: Potion            |       |     1 |     5 ||     6
 Stab: Sleeping          |     5 |     7 |     2 ||    14
       Distracted        |       |     1 |     1 ||     2
  Eat: Chunk             |     3 |     8 |    15 ||    26
Armor: Robe              |    40 |    54 |   152 ||   246
Dodge: Dodged            |    71 |   125 |   356 ||   552
